 Dungeon Crawl Stone Soup version 0.23-a0-650-ga4d50d4 (webtiles) character file.

12602 tilp the Spear-Bearer (level 11, -7/83 HPs)
             Began as a Merfolk Ice Elementalist on Jan 4, 2019.
             Was a Priest of Makhleb.
             Mangled by a shadow (9 damage)
             ... in a Gauntlet.
             The game lasted 00:59:36 (14756 turns).

tilp the Spear-Bearer (Merfolk Ice Elementalist)   Turns: 14756, Time: 00:59:38

Health: -7/83      AC: 11    Str:  8    XL:     11   Next: 95%
Magic:  16/17      EV: 21    Int: 18    God:    Makhleb [***...]
Gold:   577        SH:  0    Dex: 15    Spells: 3/18 levels left

rFire    . . .     SeeInvis .   a - +1 trident (flame)
rCold    . . .     Gourm    +   (no shield)
rNeg     + . .     Faith    .   K - +2 leather armour {rPois}
rPois    +         Spirit   .   u - +1 helmet
rElec    .         Reflect  .   P - +1 cloak
rCorr    .         Harm     .   s - +1 pair of gloves
MR       .....     NoTele   +   (no boots)
Stlth    ++........             E - amulet of the gourmand
HPRegen  0.23/turn              V - +6 ring of evasion
MPRegen  0.15/turn              N - ring of positive energy

@: no status effects
A: change form in water, swift swim, stealthy swim
a: Minor Destruction, Lesser Servant of Makhleb, Renounce Religion


You were in a Gauntlet.
You worshipped Makhleb.
Makhleb was most pleased with you.
You were completely stuffed.

You visited 2 branches of the dungeon, and saw 12 of its levels.
You also visited: Gauntlet.

You collected 675 gold pieces.
You spent 98 gold pieces at shops.

Inventory:

Hand Weapons
 a - a +1 trident of flaming (weapon)
 b - a +0 hunting sling
 A - a +0 halberd
 U - the cursed +1 spear of Xyape {freeze, +Blink rN+, unknown}
   (You found it on level 7 of the Dungeon)

   It has been specially enchanted to freeze those struck by it, causing extra
   injury to most foes and up to half again as much damage against particularly
   susceptible opponents.
   It can also slow down cold-blooded creatures.
   It protects you from negative energy.
   It lets you blink.
   It has a curse placed upon it.
Missiles
 l - 54 sling bullets
 y - 70 poisoned needles
 G - 9 javelins (quivered)
 I - 7 throwing nets
Armour
 e - the +1 pair of boots of the Jolly Yaks {Str+2 Dex+3, unknown}
   (You found it in a Gauntlet)

   It affects your strength (+2).
   It affects your dexterity (+3).
 q - a +0 buckler
 s - a +1 pair of gloves (worn)
 u - a +1 helmet (worn)
 C - a +0 leather armour of magic resistance
 K - a +2 leather armour of poison resistance (worn)
 O - a +1 robe of cold resistance
 P - a +1 cloak (worn)
 X - the +2 shield of the Cicada {*Drain +Inv rPois rN++, unknown}
   (You found it on level 9 of the Dungeon)

   It protects you from poison.
   It greatly protects you from negative energy.
   It lets you turn invisible.
   It causes draining when unequipped.
Jewellery
 E - an amulet of the gourmand (around neck)
 F - an uncursed ring of fire
 N - a ring of positive energy (right hand)
 T - an uncursed ring of ice
 V - a +6 ring of evasion (left hand)
Wands
 f - a wand of flame (25)
 o - a wand of paralysis (3)
 w - a wand of random effects (36)
 S - a wand of acid (3)
Scrolls
 g - a scroll of immolation {unknown}
 k - 6 scrolls of remove curse
 p - a scroll of fog
 v - a scroll of amnesia
 x - a scroll of acquirement {unknown}
 z - 2 scrolls of teleportation
 H - a scroll of blinking {unknown}
 M - 2 scrolls of enchant weapon
Potions
 h - 4 potions of brilliance
 j - a potion of might
 m - a potion of invisibility
 n - 2 potions of cancellation
 r - a potion of magic {unknown}
 t - 2 potions of haste
 D - 2 potions of agility {unknown}
 L - 2 potions of flight
 Q - 2 potions of mutation {unknown}
 W - a potion of berserk rage {unknown}
Comestibles
 c - 21 rations


   Skills:
 - Level 6.4 Fighting
 - Level 14.0 Polearms
 - Level 6.8 Dodging
 - Level 2.1 Stealth
 + Level 3.0 Shields
 - Level 4.0 Spellcasting
 - Level 2.0 Conjurations
 - Level 4.8 Charms
 - Level 2.0 Summonings
 - Level 8.0 Ice Magic
 - Level 5.0 Invocations
 - Level 8.0 Evocations


You had 3 spell levels left.
You knew the following spells:

 Your Spells              Type           Power        Failure   Level  Hunger
a - Freeze                Ice            ####         1%          1    None
b - Throw Frost           Conj/Ice       ###...       4%          2    ##.....
c - Ozocubu's Armour      Chrm/Ice       ####....     4%          3    ###....
d - Throw Icicle          Conj/Ice       ###.....     26%         4    ####...
e - Summon Ice Beast      Ice/Summ       ###.....     26%         4    ####...
f - Confusing Touch       Hex            #.....       22%         1    None

Your spell library contained the following spells:

 Spells                   Type           Power        Failure   Level  Hunger
 Sandblast                Erth           #.....       22%         1    None
 Passwall                 Tmut/Erth      #.......     32%         2    ##.....
 Stone Arrow              Conj/Erth      #.....       38%         3    ###....
 Confuse                  Hex            #.......     54%         3    ###....
 Gell's Gravitas          Tloc           #.........   54%         3    ###....
 Metabolic Englaciation   Hex/Ice        ###.......   75%         5    ######.
 Petrify                  Tmut/Erth      #.......     91%         4    ####...
 Lee's Rapid Deconstruct  Erth           #.........   99%         5    ######.
 Yara's Violent Unravell  Hex/Tmut       #.........   99%         5    ######.


Dungeon Overview and Level Annotations

Branches:
Dungeon (11/15)            Temple (1/1) D:6            Lair (0/6) D:8
    Orc: D:9-12

Altars:
Ashenzari
Cheibriados
Elyvilon
Fedhas
Hepliaklqana
Kikubaaqudgha
Makhleb
Nemelex Xobeh
Okawaru
Qazlal
Ru
Sif Muna
Trog
Uskayaw
Vehumet
Wu Jian
Xom
Yredelemnul
Zin
The Shining One
Beogh

Shops:
D:5 }   D:6 *   D:7 *

Annotations:
D:2 Sigmund
D:8 1 transporter, death yaks roaming, Joseph, Psyche Gauntlet 11 transporters, exclusions: obsidian statue and orange crystal statue


Message History

The shadow strikes at you from the darkness!
* * * LOW HITPOINT WARNING * * *
Reactivating autopickup.
The shadow barely misses you. The shadow misses you.
The shadow strikes at you from the darkness!
* * * LOW HITPOINT WARNING * * *
You feel better. The shadow barely misses you.
The shadow completely misses you.
Okay, then.
The shadow hits you.
* * * LOW HITPOINT WARNING * * *
The shadow closely misses you.
Deactivating autopickup; reactivate with Ctrl-A.
You hit something. You burn something.
The shadow strikes at you from the darkness!
* * * LOW HITPOINT WARNING * * *
Reactivating autopickup.
The shadow hits you!
You die...

.#..##.##..#...#^.zz.zz#...#..##.
.#.#.###.#.#...#z8z8zzz#...#4##..
.#.##...##.#...#zzzzzzz#...#4#...
.#.........#...#########...#24...
.###########.....#.©.#.....######
....#.©.#........#...#........#.©
8...#.8.#...8....#.©.#....8...#.8
....#.©.#.....###########.....#.©
§.#########...#.@W.©$|..#...#####
..#..?©!=.#...#WW.#.#...#...#z!=©
..#.#^.^#.#...#....#....#...##z.#
..#.#...#.#...#.#..#..#.#...###z#
8.#.##©##.#.8.#.#######.#.8.#z##.
..#..#.#..#...#.#.©#..#.#...#zz.#
..####.####...#....#....#...#zz##
..#...8...#...#...###...#...#z##.
..#########...#.........#...#####


You could see 3 shadows and 12 flying skulls.

Vanquished Creatures
  Harold (D:8)
  5 death yaks
  Pikel (D:7)
  Maurice (D:9)
  A hornet (D:11)
  A hippogriff (D:9)
  Prince Ribbit (D:7)
  15 yaks
  An orc warrior (D:7)
  2 slaves (D:7)
  6 sky beasts
  2 ice beasts
  2 black bears
  7 ogres
  A necrophage (D:10)
  3 centaurs
  2 big kobolds (D:9)
  Blork the orc (D:5)
  8 bullfrogs
  3 gnoll sergeants (D:5)
  4 scorpions
  5 killer bees (D:7)
  3 wights (D:6)
  2 howler monkeys
  4 jellies
  2 crimson imps (D:8)
  A centaur zombie (D:10)
  A quasit (D:9)
  5 hounds
  2 gnoll shamans (D:5)
  4 orc priests
  6 iguanas
  3 bullfrog skeletons
  Ijyb (D:3)
  Terence (D:3)
  16 orc wizards
  6 worker ants
  A killer bee zombie (D:8)
  A howler monkey zombie (D:10)
  3 worker ant zombies
  17 gnolls
  13 adders
  A shadow imp (D:5)
  An ooze (D:7)
  4 worms
  2 dart slugs
  A leopard gecko (D:4)
  48 orcs
  7 giant cockroaches
  4 goblins
  13 hobgoblins
  9 jackals
  6 quokkas
  2 ball pythons (D:3)
  10 bats
  8 frilled lizards
  28 kobolds
  8 rats
317 creatures vanquished.

Vanquished Creatures (others)
  2 slaves (D:7)
  A killer bee (D:7)
  A plant (D:6)
  4 withered plants (Gauntlet)
8 creatures vanquished.

Grand Total: 325 creatures vanquished

Notes
Turn   | Place    | Note
-------+----------+-------------------------------------------
     0 | D:1      | tilp the Merfolk Ice Elementalist began the quest for the
                  | Orb.
     0 | D:1      | Reached XP level 1. HP: 13/13 MP: 3/3
     2 | D:1      | Noticed a minotaur skeleton
     6 | D:1      | Noticed a minotaur
     7 | D:1      | Noticed a vampire
    15 | D:1      | Noticed a formicid
    17 | D:1      | Noticed a felid
    17 | D:1      | Noticed a centaur
    19 | D:1      | Noticed a felid
    21 | D:1      | Noticed a minotaur
   385 | D:1      | Reached XP level 2. HP: 19/19 MP: 1/5
  1026 | D:1      | Learned a level 2 spell: Throw Frost
  1088 | D:2      | Reached XP level 3. HP: 24/24 MP: 0/6
  1447 | D:2      | Reached skill level 5 in Ice Magic
  1755 | D:2      | Noticed Sigmund
  1860 | D:3      | Reached XP level 4. HP: 15/30 MP: 2/7
  1866 | D:3      | Learned a level 3 spell: Ozocubu's Armour
  2216 | D:3      | Reached XP level 5. HP: 33/35 MP: 1/8
  2402 | D:3      | Reached skill level 1 in Polearms
  2460 | D:3      | Noticed Ijyb
  2651 | D:3      | Noticed Terence
  2717 | D:3      | Found a sacrificial altar of Ru.
  2762 | D:3      | Reached skill level 1 in Evocations
  2776 | D:3      | Reached skill level 2 in Polearms
  3114 | D:3      | Reached XP level 6. HP: 41/41 MP: 5/9
  3330 | D:3      | Reached skill level 3 in Polearms
  3904 | D:3      | Killed Ijyb
  4038 | D:3      | Killed Terence
  4038 | D:3      | Reached skill level 4 in Polearms
  4364 | D:4      | Reached XP level 7. HP: 35/46 MP: 7/10
  4445 | D:4      | Reached skill level 5 in Polearms
  5021 | D:5      | Entered Level 5 of the Dungeon
  5038 | D:5      | Reached skill level 6 in Polearms
  5138 | D:5      | Reached skill level 1 in Fighting
  5229 | D:5      | Found Amumyg's Gadget Shoppe.
  5681 | D:5      | Noticed Blork the orc
  5879 | D:5      | Reached skill level 7 in Polearms
  6182 | D:5      | Reached XP level 8. HP: 56/56 MP: 6/11
  6490 | D:5      | Reached skill level 8 in Polearms
  6981 | D:5      | Killed Blork the orc
  6981 | D:5      | Reached skill level 9 in Polearms
  7114 | D:6      | Found Gaffa's General Store.
  7146 | D:6      | Bought a scroll of identify for 28 gold pieces
  7146 | D:6      | Bought a scroll of remove curse for 42 gold pieces
  7146 | D:6      | Bought a scroll of identify for 28 gold pieces
  7519 | D:6      | Reached skill level 10 in Polearms
  7971 | D:6      | Reached XP level 9. HP: 61/61 MP: 11/14
  8075 | D:6      | Found a staircase to the Ecumenical Temple.
  8085 | Temple   | Entered the Ecumenical Temple
  8177 | Temple   | Became a worshipper of Makhleb the Destroyer
  8243 | D:6      | Reached skill level 11 in Polearms
  8355 | D:6      | Learned a level 4 spell: Throw Icicle
  8360 | D:6      | Learned a level 4 spell: Summon Ice Beast
  8544 | D:6      | Found a blossoming altar of Fedhas.
  8862 | D:7      | Reached skill level 12 in Polearms
  9156 | D:7      | Noticed Prince Ribbit
  9167 | D:7      | Killed Prince Ribbit
  9167 | D:7      | Reached skill level 13 in Polearms
  9285 | D:7      | Reached * piety under Makhleb
  9331 | D:7      | Got a brightly glowing spear
  9350 | D:7      | Noticed Pikel
  9374 | D:7      | Killed Pikel
  9492 | D:7      | Reached XP level 10. HP: 67/67 MP: 10/16
  9526 | D:7      | Reached skill level 14 in Polearms
 10012 | D:7      | Found Mattul's Assorted Antiques.
 10188 | D:8      | Noticed a death yak
 10260 | D:8      | Found a staircase to the Lair.
 10260 | D:8      | Noticed a death yak
 10305 | D:8      | Killed a death yak
 10305 | D:8      | Reached skill level 5 in Dodging
 10442 | D:8      | Noticed a death yak
 10442 | D:8      | Noticed a death yak
 10442 | D:8      | Noticed a death yak
 10476 | D:8      | Killed a death yak
 10602 | D:8      | Noticed a death yak
 10602 | D:8      | Noticed a death yak
 10625 | D:7      | Killed a death yak
 10627 | D:8      | Noticed a death yak
 10642 | D:7      | Killed a death yak
 10642 | D:7      | Reached skill level 1 in Conjurations
 10642 | D:7      | Reached skill level 1 in Summonings
 11066 | D:8      | Found a roughly hewn altar of Beogh.
 11074 | D:8      | Noticed Harold
 11096 | D:8      | Killed Harold
 11096 | D:8      | Reached XP level 11. HP: 76/83 MP: 3/17
 11268 | D:8      | Found a white marble altar of Elyvilon.
 11309 | D:8      | Reached skill level 1 in Invocations
 11379 | D:8      | Killed a death yak
 11535 | D:8      | Found a transporter.
 11535 | D:8      | Noticed Joseph
 11555 | D:8      | Reached ** piety under Makhleb
 11622 | D:8      | Noticed Psyche
 11956 | D:9      | Learned a level 1 spell: Confusing Touch
 12127 | D:9      | Reached skill level 5 in Evocations
 12249 | D:9      | Found Aryedy's Assorted Antiques.
 12297 | D:9      | Noticed Maurice
 12401 | D:9      | Killed Maurice
 12576 | D:9      | Got a crude shield
 12654 | D:9      | Reached skill level 5 in Invocations
 13034 | D:9      | Reached *** piety under Makhleb
 13219 | D:10     | Entered Level 10 of the Dungeon
 13828 | D:10     | Reached skill level 1 in Shields
 14331 | D:11     | Noticed a manticore
 14462 | D:11     | Found a gate leading to a gauntlet.
 14492 | Gauntlet | Entered a Gauntlet
 14492 | Gauntlet | Found a transporter.
 14496 | Gauntlet | Found a transporter.
 14499 | Gauntlet | Found a transporter.
 14500 | Gauntlet | Found a transporter.
 14503 | Gauntlet | Found a transporter.
 14504 | Gauntlet | Found a transporter.
 14513 | Gauntlet | Found a transporter.
 14519 | Gauntlet | Found a transporter.
 14520 | Gauntlet | Noticed a blizzard demon
 14533 | Gauntlet | Found a transporter.
 14533 | Gauntlet | Noticed an obsidian statue
 14553 | Gauntlet | Found a transporter.
 14555 | Gauntlet | Found a transporter.
 14566 | Gauntlet | Found a transporter.
 14567 | Gauntlet | Noticed an orange crystal statue
 14716 | Gauntlet | Got a pair of brightly glowing boots
 14752 | Gauntlet | HP: 2/83 [something (3)]
 14756 | Gauntlet | Mangled by a shadow

Vault maps used:
D:1:      shiori_arrival_whats_in_store_for_you
D:2:      uniq_sigmund
D:3:      minmay_thinvault, lemuel_round_altar, nrook_mini_vaults, uniq_terence,
          uniq_ijyb
D:4:      minmay_recursive_quarters, first_ration, minmay_manual_mess
D:5:      serial_gnoll_camp, gnoll_camp_huts_basic, gnoll_camp_mini_sergeant,
          gnoll_camp_mini_shop, gnoll_camp_mini_hut, uniq_blork_the_orc
D:6:      minmay_temple_entry_gardened_gates, serial_shops, nicolae_shop_trees,
          fedhas_altar_4
D:7:      serial_shops, kennysheep_mini_moat, uniq_pikel, uniq_prince_ribbit1
D:8:      gammafunk_beogh_shrine, dpeg_lair_monsters, lemuel_altar_in_water,
          uniq_harold, uniq_psyche, uniq_joseph
D:9:      serial_shops, nicolae_shop_waterfront, grunt_ogre_cave, uniq_maurice
D:10:     minivault_23
D:11:     basic_altar, gauntlet_entry_generic
Temple:   minmay_crystal_snake_temple
Gauntlet: minmay_gauntlet_mixed_oops_all_seconds

Skill      XL: |  1  2  3  4  5  6  7  8  9 10 11 |
---------------+----------------------------------+-----
Ice Magic      | 4 5 6 7 8 |  8.0
Polearms       | 2 4 7 10 13 14 | 14.0
Evocations     | 1 3 4 8 |  8.0
Fighting       | 2 6 |  6.4
Dodging        | 3 4 6 |  6.8
Spellcasting   | 3 4 |  4.0
Conjurations   | 2 |  2.0
Charms         | 4 |  4.8
Summonings     | 2 |  2.0
Invocations    | 5 |  5.0
Shields        | 3 |  3.0
Stealth        | |  2.1

Action                   |  1- 3 |  4- 6 |  7- 9 | 10-12 || total
-------------------------+-------+-------+-------+-------++-------
Melee: Short sword       |    21 |    31 |       |       ||    52
       Spear             |       |     1 |    59 |       ||    60
       Trident           |       |       |   298 |   668 ||   966
       Tailslap          |       |       |       |     2 ||     2
 Fire: Hunting sling     |    18 |    30 |    16 |       ||    64
Throw: Stone             |     1 |       |     7 |     2 ||    10
 Cast: Freeze            |    58 |    95 |   158 |    62 ||   373
       Ozocubu's Armour  |       |       |    21 |    17 ||    38
       Throw Frost       |       |       |     2 |    15 ||    17
       Throw Icicle      |       |       |       |     1 ||     1
Invok: Lesser Servant of |       |       |       |     2 ||     2
Evoke: Wand              |       |     2 |       |    14 ||    16
  Use: Scroll            |     2 |     7 |     6 |     7 ||    22
       Potion            |       |       |     1 |     6 ||     7
 Stab: Sleeping          |     3 |     1 |     7 |    11 ||    22
       Paralysed         |       |     8 |       |       ||     8
  Eat: Chunk             |     4 |    10 |    21 |    34 ||    69
Armor: Robe              |    12 |    18 |       |       ||    30
       Leather armour    |       |     1 |   104 |    93 ||   198
       Skin              |       |       |     7 |       ||     7
Dodge: Dodged            |    52 |    67 |   199 |   365 ||   683

Table legend:
 A = Non-vault XP
 B = Vault XP
 C = Vault XP percentage of total XP
 D = Non-vault monster count
 E = Vault monster count
 F = Vault count percentage of total count
                 A         B        C        D         E       F
            +---------+---------+-------+---------+---------+-------
      Total |   10105 |    7899 |  43.9 |     256 |      59 |  18.7
            +---------+---------+-------+---------+---------+-------
        D:1 |      30 |       0 |   0.0 |      19 |       0 |   0.0
        D:2 |      49 |       0 |   0.0 |      25 |       0 |   0.0
        D:3 |     238 |     138 |  36.7 |      34 |      19 |  35.8
        D:4 |      96 |     283 |  74.7 |       7 |       7 |  50.0
        D:5 |     195 |     673 |  77.5 |      16 |      23 |  59.0
        D:6 |    1201 |       0 |   0.0 |      32 |       0 |   0.0
        D:7 |    1222 |    2642 |  68.4 |      28 |       4 |  12.5
        D:8 |     800 |    3614 |  81.9 |      23 |       4 |  14.8
        D:9 |    3302 |     549 |  14.3 |      41 |       2 |   4.7
       D:10 |    2200 |       0 |   0.0 |      21 |       0 |   0.0
       D:11 |     772 |       0 |   0.0 |      10 |       0 |   0.0
            +---------+---------+-------+---------+---------+-------
